Map: Dusk Towers

Players

LilDicky - Winner!

  • Race: Terran Terran
  • League: Diamond

aeiPWNu

  • Race: Protoss Protoss
  • League: Platinum

VOD

http://www.twitch.tv/tumescentpie

Description

Time

  • Played on: Jan. 5, 2016, 8:29 p.m.
  • Length: 6:30
Show
View Real Time Build Order
Export as new Build Order

LilDicky Terran - Winner!

Build Orders: MMM Bio 

Get SALT Encoding   

  12  0:02  SCV  
  13  0:14  SCV  
  13  0:18  Supply Depot  
  14  0:38  SCV  
  14  0:39  Refinery  
  15  0:48  Barracks  
  15  0:50  SCV  
  16  1:09  SCV  
  17  1:24  SCV  
  18  1:39  Marine  
  20  1:40  Supply Depot  
  20  1:41  Orbital Command  
  20  1:45  Factory  
  19  1:57  Marine  
  20  2:16  Barracks  
  20  2:18  Barracks  
  20  2:19  Barracks Reactor  
  20  2:23  SCV  
  20  2:27  Refinery  
  21  2:35  SCV  
  22  2:45  Supply Depot  
  22  2:47  SCV  
  23  2:56  Marine x2  
  25  3:02  SCV  
  25  3:03  Barracks Tech Lab  
  25  3:05  Barracks Tech Lab  
  26  3:06  Widow Mine  
  28  3:14  Supply Depot  
  28  3:17  SCV  
  28  3:29  SCV  
  28  3:31  Stimpack  
  28  3:32  Combat Shields  
  28  3:33  Marine x2  
  33  3:50  SCV  
  32  3:57  Starport  
  32  3:59  Supply Depot  
  32  4:01  Marine  
  33  4:03  SCV  
  33  4:09  Marine x2  
  36  4:12  Marine  
  37  4:19  Marine  
  36  4:27  Marauder, Marine  
  36  4:30  Hellion  
  41  4:33  Marauder  
  41  4:36  Medivac  
  45  4:45  Engineering Bay  
  45  4:49  Marine  
  45  4:50  Marine  
  47  4:53  Marine  
  48  5:05  Marauder  
  48  5:11  Marauder  
Show
View Real Time Build Order
Export as new Build Order

aeiPWNu Protoss 

Build Orders:  

Get SALT Encoding   

  12  0:02  Probe (Chrono Boost)  
  13  0:12  Probe (Chrono Boost)  
  14  0:18  Pylon  
  14  0:23  Probe (Chrono Boost)  
  15  0:32  Assimilator  
  15  0:36  Probe (Chrono Boost)  
  16  0:46  Probe (Chrono Boost)  
  16  0:47  Gateway  
  17  0:57  Probe (Chrono Boost)  
  17  0:59  Assimilator  
  18  1:08  Probe (Chrono Boost)  
  19  1:17  Pylon  
  20  1:18  Probe (Chrono Boost)  
  20  1:29  Probe (Chrono Boost)  
  21  1:38  Cybernetics Core  
  21  1:39  Probe (Chrono Boost)  
  22  1:50  Probe (Chrono Boost)  
  23  2:08  Gateway  
  23  2:10  Gateway, Pylon  
  22  2:15  Warp Gate (Chrono Boost)  
  22  2:25  Robotics Facility  
  22  2:40  Mothership Core  
  24  2:46  Gateway  
  24  2:59  Sentry x2  
  24  3:00  Stalker  
  30  3:16  Warp Prism  
  32  3:37  Stalker  
  33  3:53  Observer  
  34  4:06  Pylon  
  34  4:08  Pylon  
  34  4:20  Probe  
  30  4:33  Probe  
  31  4:45  Probe  
  32  4:57  Probe  
  31  5:09  Probe  
  31  5:10  Stalker  
  31  5:11  Stalker x3  
  40  5:21  Probe  
  42  5:28  Observer  
  36  5:44  Zealot x4  
  26  6:07  Zealot x4  
Tags
 
Add a new tag
Caveats
  • Supply blocks, unpowered buildings, or Contaminate may cause inaccurate times.
  • Supply counts are checked every 10 seconds.